Map: Traitor's Exile

Players

Subwaymaker

  • Race: Protoss Protoss
  • League: Gold
  • Spawn Location: 5:00

Mesrob

  • Race: Terran Terran
  • League: Platinum
  • Spawn Location: 6:00

tashnight - Winner!

  • Race: Protoss Protoss
  • League: Silver
  • Spawn Location: 12:00

SHALO - Winner!

  • Race: Terran Terran
  • League: Gold
  • Spawn Location: 9:00

VOD

Have the link to the VOD?

Description

Time

  • Played on: March 15, 2019, 8:48 p.m.
  • Length: 7:42
Show
View Real Time Build Order
Export as new Build Order

Subwaymaker Protoss 

Build Orders:  

Get SALT Encoding   

  12  0:01  Probe  
  13  0:14  Probe  
  14  0:28  Probe  
  14  0:29  Pylon  
  14  0:33  Assimilator  
  15  0:50  Gateway  
  15  0:54  Probe  
  16  1:02  Probe  
  16  1:10  Probe  
  18  1:19  Gateway  
  18  1:21  Probe  
  19  1:33  Probe  
  19  1:35  Pylon  
  20  1:40  Cybernetics Core  
  20  1:45  Probe  
  21  1:52  Assimilator  
  21  1:57  Probe  
  22  2:09  Probe  
  23  2:18  Adept  
  23  2:19  Adept  
  23  2:21  Warp Gate  
  27  2:33  Nexus  
  27  2:37  Probe  
  28  2:45  Probe  
  29  2:54  Probe  
  30  3:08  Probe  
  31  3:21  Pylon  
  31  3:39  Stalker x2, Probe  
  36  3:51  Probe  
  35  4:03  Probe  
  32  4:15  Probe  
  32  4:16  Pylon  
  29  4:18  Pylon  
  27  4:26  Zealot  
  27  4:27  Probe, Zealot  
  32  4:51  Probe  
  32  4:52  Pylon, Probe  
  32  4:53  Assimilator  
  32  4:58  Assimilator  
  32  4:59  Probe  
  34  5:00  Probe  
  34  5:06  Robotics Facility  
  36  5:08  Probe  
  36  5:10  Probe  
  36  5:11  Stargate  
  38  5:15  Pylon  
  38  5:18  Pylon  
  38  5:20  Probe, Gateway  
  39  5:22  Probe, Twilight Council  
  40  5:34  Probe x2  
  42  5:38  Zealot x2  
  46  5:46  Probe  
  47  6:00  Observer  
  47  6:03  Void Ray  
  47  6:10  Immortal  
  52  6:22  Sentry x2  
Show
View Real Time Build Order
Export as new Build Order

Mesrob Terran 

Build Orders:  

Get SALT Encoding   

  12  0:01  SCV  
  13  0:13  SCV  
  14  0:19  Supply Depot  
  14  0:32  SCV  
  15  0:44  SCV  
  15  0:47  Barracks  
  16  0:50  Refinery  
  16  0:56  SCV  
  17  1:08  SCV  
  17  1:11  Refinery  
  18  1:20  SCV  
  19  1:41  Marine  
  19  1:43  Command Center  
  20  1:52  Orbital Command  
  20  2:06  Factory  
  20  2:20  Barracks Tech Lab  
  20  2:25  Supply Depot  
  20  2:28  SCV  
  21  2:40  SCV  
  22  2:55  Supply Depot  
  22  2:58  SCV  
  23  3:00  Orbital Command  
  23  3:10  SCV  
  23  3:12  Siege Tank  
  27  3:14  Marine  
  27  3:19  Engineering Bay  
  28  3:22  SCV  
  29  3:34  SCV  
  29  3:38  SCV  
  31  3:44  Siege Tank  
  31  3:46  Missile Turret, SCV  
  35  3:51  Refinery  
  35  4:00  Missile Turret, Armory  
  35  4:02  SCV x2  
  37  4:16  Siege Tank  
  38  4:49  Siege Tank  
  41  4:57  Terran Vehicle Weapons Level 1  
  41  5:09  SCV  
  42  5:18  Armory  
  42  5:19  Refinery  
  42  5:20  Command Center  
  42  5:21  Siege Tank, SCV  
  46  5:25  Supply Depot, SCV  
  47  5:38  SCV  
  36  5:50  SCV  
  36  5:53  Siege Tank  
  2  7:12  Barracks  
  1  7:28  Barracks  
  1  7:30  SCV  
Show
View Real Time Build Order
Export as new Build Order

tashnight Protoss - Winner!

Build Orders: Zealot Archon, Dark Templar Rush 

Get SALT Encoding   

  12  0:15  Pylon  
  12  0:36  Gateway  
  12  0:40  Forge  
  12  1:07  Probe  
  12  1:09  Pylon  
  13  1:13  Assimilator  
  13  1:15  Probe  
  13  1:25  Probe  
  14  1:31  Cybernetics Core  
  15  1:40  Probe  
  16  1:48  Probe  
  17  1:58  Assimilator, Probe  
  18  2:10  Warp Gate  
  18  2:13  Pylon  
  18  2:25  Probe  
  19  2:33  Probe  
  19  2:35  Twilight Council  
  19  2:43  Probe  
  21  2:51  Photon Cannon  
  21  3:11  Gateway  
  21  3:12  Gateway  
  21  3:19  Dark Shrine  
  21  3:30  Gateway  
  14  4:07  Probe  
  13  4:15  Probe  
  14  4:23  Probe  
  16  4:31  Probe  
  17  4:40  Probe  
  18  4:45  Pylon  
  18  5:12  Dark Templar x3  
  24  5:23  Dark Templar  
  26  6:58  Dark Templar  
  26  6:59  Dark Templar x3  
  32  7:31  Archon x2  
  32  7:33  Archon  
  32  7:36  Dark Templar x2  
Show
View Real Time Build Order
Export as new Build Order

SHALO Terran - Winner!

Build Orders:  

Get SALT Encoding   

  12  0:29  Supply Depot  
  12  0:54  Barracks x2  
  12  1:04  Supply Depot  
  12  1:06  SCV  
  13  1:22  SCV  
  14  1:31  Supply Depot  
  14  1:41  SCV  
  14  1:42  Marine x2  
  17  2:00  Barracks  
  17  2:05  Marine  
  17  2:06  Marine  
  19  2:11  SCV  
  20  2:18  Refinery  
  20  2:23  Marine x2  
  20  2:25  SCV  
  23  2:38  SCV  
  24  2:44  Marine  
  24  2:45  Marine  
  24  2:50  SCV  
  27  2:55  Refinery  
  27  3:00  Marine  
  27  3:03  Marine  
  29  3:05  Marine  
  30  3:13  SCV  
  30  3:18  Marine  
  32  3:25  Marine x2  
  34  3:31  SCV  
  35  3:36  Marine  
  36  3:42  Marine  
  37  3:57  SCV  
  38  4:05  Marine  
  39  4:21  Marine  
  39  4:23  Marine  
  39  4:24  Marine  
  31  4:39  Marine  
  31  4:40  Marine  
  31  4:41  Marine  
  31  4:56  Marine, Factory  
  31  4:58  Marine  
  31  4:59  Marine  
  34  5:01  Factory  
  34  5:14  Marine  
  34  5:16  Marine  
  34  5:17  Marine  
  37  5:39  Supply Depot  
  37  6:24  Factory Tech Lab x2  
  37  6:25  Marine x3  
  40  6:42  Marine  
  40  6:43  Marine x2  
  43  7:00  Marine x2  
  43  7:01  Marine  
  38  7:18  Marine x3  
Tags
 
Add a new tag
Caveats
  • Supply blocks, unpowered buildings, or Contaminate may cause inaccurate times.
  • Supply counts are checked every 10 seconds.